 Dungeon Crawl Stone Soup version 0.30-a0-930-gb9d0489357 (webtiles) character file.

Game seed: 18254360272022211329

158 Zdeegee the Chiller (level 5, -1/37 HPs)
             Began as a Demonspawn Ice Elementalist on Mar 23, 2023.
             Succumbed to an orc wizard's poison
             ... on level 2 of the Dungeon.
             The game lasted 00:06:11 (2724 turns).

Zdeegee the Chiller (Demonspawn Ice Elementalist)   Turns: 2724, Time: 00:06:11

Health: -1/37      AC:  2    Str:  8    XL:     5   Next: 16%
Magic:  9/9        EV: 12    Int: 18    God:
Gold:   139        SH:  0    Dex: 16    Spells: 5/9 levels left

rFire   . . .      SeeInvis .    m - +0 short sword
rCold   . . .      Faith    .    (no shield)
rNeg    . . .      Spirit   .    a - +0 robe
rPois   .          Reflect  .    (no helmet)
rElec   .          Rampage  .    (no cloak)
rCorr   .                        (no gloves)
Will    .....                    (no boots)
Stlth   +++                      (no amulet)
HPRegen 0.26/turn                (no ring)
MPRegen 0.22/turn                (no ring)

@: lethally poisoned (-1 -> -6), invisible
A: thin skeletal structure 1, magic regeneration, demonic magic 1, demonic touch
1
a: no special abilities


You were on level 2 of the Dungeon.
You visited 1 branch of the dungeon, and saw 3 of its levels.

You collected 139 gold pieces.

Inventory:

Hand Weapons
 d - a +0 club
 g - a +0 dagger
 m - a +0 short sword (weapon)
 p - a +0 hand axe
Missiles
 n - 6 poisoned darts
Armour
 a - a +0 robe (worn)
Scrolls
 c - 2 scrolls of noise
 e - a scroll of identify
 f - a scroll of poison {unknown}
 h - a scroll of fear {unknown}
 j - a scroll of amnesia {unknown}
 l - a scroll of vulnerability {unknown}
Potions
 b - a potion of magic
 o - a potion of heal wounds
 q - a potion of lignification {unknown}


   Skills:
 * Level 1.3 Fighting
 * Level 1.1 Armour
 * Level 2.1 Dodging
 + Level 1.9 Stealth
 * Level 2.6 Spellcasting
 * Level 1.8 Conjurations
 * Level 1.1 Necromancy
 * Level 4.3 Ice Magic


You had 5 spell levels left.
You knew the following spells:

 Your Spells              Type           Power      Damage    Failure   Level
a - Freeze                Ice            72%        1d8       2%          1
b - Frozen Ramparts       Ice            36%        1d6       9%          3

Your spell library contained the following spells:

 Spells                   Type           Power      Damage    Failure   Level
 Ozocubu's Armour         Ice            18%        N/A       9%          3
 Momentum Strike          Conj/Tloc      10%        3d8       19%         2
 Blink                    Tloc           4%         N/A       26%         2
 Lesser Beckoning         Tloc           4%         N/A       26%         2
 Summon Ice Beast         Ice/Summ       10%        N/A       56%         4


Dungeon Overview and Level Annotations

Branches:
Dungeon (3/15)

Altars:


Innate Abilities, Weirdness & Mutations

You have a somewhat thin skeletal structure. (Dex +2, Stealth+)
You regenerate magic rapidly.
Spells you cast may paralyse adjacent enemies.
Your touch may inflict minor irresistible damage on your foes.


Message History

You are poisoned.
You hit something.
You feel sick. Something hits you.
You barely miss something.
You feel sick.
You hear some strange, mumbled words.
A puff of flame appears from out of thin air!
The puff of flame hits you!
You completely miss something.
You touch something.
You feel sick.
You hear some strange, mumbled words.
Something tries to affect you, but you resist.
You barely miss something.
You feel sick. Something hits you.
Casting: Freeze (safe; 2% risk of failure)
Confirm with . or Enter, or press ? or * to list all spells.
You can't see any susceptible monsters within range! (Use Z to cast anyway.)
You feel sick. Something hits you but does no damage.
You are more poisoned.
You feel better.
You hear some strange, mumbled words.
Something tries to affect you, but you resist.
Something hits you but does no damage. Something hits you.
You are poisoned.
You feel sick.
You fade into invisibility!
You feel sick. Something hits you.
You are lethally poisoned!
* * * LOW HITPOINT WARNING * * *
You feel very sick.
You hear some strange, mumbled words.
A magic dart appears from out of thin air!
* * * LOW HITPOINT WARNING * * *
You feel very sick.
A magic dart appears from out of thin air!
* * * LOW HITPOINT WARNING * * *
You feel very sick.
There is a stone staircase leading up here.
* * * LOW HITPOINT WARNING * * *
You feel sick.
You climb upwards.
Reactivating autopickup.
You die...

#.######.### #.#......#
####.##.......# #.#......#
#....##.###...# #.#......#
#.#####.......# #.....<..#
#.# #.......# ###.....>#
#.# #.......# #.)....#
#.#####.......# #......#
#.............# #.######
#####....@#...# #.#
#....[#...#####.######
######.....##..............
#..........##.######.......
#.####.[...##.# #.......
#.##.#.######.# #.......
#....#.# #.#### #.......
##...#.######....# ########
#.###...........# #.......


There were no monsters in sight!

Vanquished Creatures
  An orc priest (D:3)
  An orc wizard (D:2)
  Ijyb (D:3)
  3 adders (D:2)
  A dart slug (D:1)
  5 orcs
  3 ball pythons
  8 endoplasms
  2 giant cockroaches
  A goblin (D:1)
  2 hobgoblins
  2 jackals (D:1)
  A quokka (D:2)
  3 bats
  2 frilled lizards (D:1)
  7 kobolds
  A rat (D:1)
44 creatures vanquished.

Notes
Turn   | Place    | Note
-------+----------+-------------------------------------------
     0 | D:1      | Zdeegee the Demonspawn Ice Elementalist began the quest for
                  | the Orb.
     0 | D:1      | Reached XP level 1. HP: 13/13 MP: 3/3
   446 | D:1      | Gained mutation: You regenerate magic rapidly. [demonic
                  | ancestry]
   446 | D:1      | Reached XP level 2. HP: 18/20 MP: 1/5
  1158 | D:2      | Gained mutation: You have a somewhat thin skeletal
                  | structure. (Dex +2, Stealth+) [demonic ancestry]
  1158 | D:2      | Reached XP level 3. HP: 21/25 MP: 1/6
  1356 | D:2      | Learned a level 3 spell: Frozen Ramparts
  1392 | D:2      | Reached skill level 1 in Conjurations
  1625 | D:2      | Reached skill level 4 in Ice Magic
  1960 | D:2      | Reached skill level 1 in Fighting
  1960 | D:2      | Reached skill level 1 in Armour
  2178 | D:3      | Gained mutation: Spells you cast may paralyse adjacent
                  | enemies. [demonic ancestry]
  2178 | D:3      | Reached XP level 4. HP: 32/32 MP: 2/7
  2332 | D:3      | Noticed Ijyb
  2372 | D:3      | Killed Ijyb
  2373 | D:3      | Reached skill level 1 in Necromancy
  2628 | D:2      | Gained mutation: Your touch may inflict minor irresistible
                  | damage on your foes. [demonic ancestry]
  2628 | D:2      | Reached XP level 5. HP: 17/37 MP: 6/9
  2723 | D:3      | HP: 1/37 [poisoned by an orc wizard]
  2724 | D:2      | Succumbed to an orc wizard's poison

Illustrated notes

Levels and vault maps discovered:
D:1:      nagdon_arrival_zigzag_paths, layout_basic, serial_curves,
          eino_curves_04, eino_curves_01, eino_curves_03
D:2:      layout_basic
D:3:      layout_loops_corners, serial_shops, shop, serial_glass,
          glass_columns_c, glass_columns_b, glass_columns_a, glass_columns_b,
          glass_columns_a, glass_columns_a, glass_columns_a, glass_columns_a,
          glass_columns_a, glass_columns_b, minmay_cut_off, uniq_ijyb,
          uniq_natasha

Skill      XL: |  1  2  3  4 |
---------------+-------------+-----
Conjurations   | 1 |  1.8
Ice Magic      | 4 |  4.3
Fighting       | 1 |  1.3
Armour         | 1 |  1.1
Dodging        | 2 |  2.1
Necromancy     | 1 |  1.1
Stealth        | |  1.9
Spellcasting   | |  2.6

Action                     |  1- 3 |  4- 6 || total
---------------------------+-------+-------++-------
  Melee: Club              |     4 |       ||     4
         Dagger            |    30 |       ||    30
         Short sword       |    15 |    41 ||    56
         Punch             |     1 |       ||     1
         Touch             |       |     1 ||     1
   Cast: Freeze            |    51 |    11 ||    62
         Frozen Ramparts   |     1 |     3 ||     4
    Use: Scroll            |     4 |       ||     4
         Potion            |       |     3 ||     3
   Stab: Sleeping          |     2 |     3 ||     5
         Paralysed         |       |     3 ||     3
 Armour: Robe              |    16 |     9 ||    25
  Dodge: Dodged            |    63 |    15 ||    78

Table legend: (Time is in decaauts)
 A = Elapsed time spent in this place.
 B = Non-inter-level travel time spent in this place.
 C = Inter-level travel time spent in this place.
 D = Time resting spent in this place.
 E = Time spent auto-exploring this place.
 F = Levels seen in this place.
 G = Mean time per level.
                   A        B        C        D        E       F      G
               +--------+--------+--------+--------+--------+-----+--------+
         Total |   2725 |   2623 |    102 |    447 |   1766 |   3 |  908.3 |
       Dungeon |   2725 |   2623 |    102 |    447 |   1766 |   3 |  908.3 |
               +--------+--------+--------+--------+--------+-----+--------+

Top non-repeatable levels by time:
     D:2: 1419 daAuts
     D:1: 1049 daAuts
     D:3: 255 daAuts
